 Dungeon Crawl Stone Soup version 0.16-a0-3288-g377cd6f (webtiles) character file.

77 myeffort the Gusty (level 4, -2/24 HPs)
             Began as a Tengu Air Elementalist on Dec 24, 2014.
             Was a Plaything of Xom.
             Slain by a crimson imp (3 damage)
             ... on level 2 of the Dungeon.
             The game lasted 00:04:40 (1606 turns).

myeffort the Gusty (Tengu Air Elementalist)         Turns: 1606, Time: 00:04:40

Health: -2/24      AC:  3    Str:  7 (8)  XL:     4   Next: 33%
Magic:  2/8        EV: 12    Int: 17      God:    Xom [..*...]
Gold:   223        SH:  0    Dex: 14      Spells: 1 memorised, 6 levels left

rFire  . . .     SeeInvis .     a - +0 dagger
rCold  . . .     Clarity  .     p - +0 robe
rNeg   . . .     SustAb   .     (no shield)
rPois  .         Gourm    .     (helmet restricted)
rElec  .         Spirit   .     (no cloak)
rCorr  .         Warding  .     r - +0 pair of gloves (curse)
rMut   .         Stasis   .     (boots unavailable)
MR     .....                    (no amulet)
Stlth  ++........               (no ring)
                                (no ring)

@: not resistant to hostile enchantments, unstealthy
A: beak, talons 3
a: Renounce Religion


You were on level 2 of the Dungeon.
You worshipped Xom.
You were a toy of Xom.
You were hungry.

You visited 1 branch of the dungeon, and saw 3 of its levels.

You collected 223 gold pieces.

Inventory:

Hand weapons
 a - a +0 dagger (weapon)
Missiles
 i - 27 poisoned needles
Armour
 p - a +0 robe (worn)
 r - a cursed +0 pair of gloves (worn)
Jewellery
 f - a +4 ring of intelligence {unknown}
 h - an uncursed ring of stealth {unknown}
Magical devices
 m - a wand of flame (28)
Scrolls
 e - 2 scrolls of teleportation {unknown}
 g - 4 scrolls of identify {unknown}
 k - a scroll of fear {unknown}
 n - a scroll of recharging {unknown}
 q - a scroll of enchant armour {unknown}
Books
 b - a book of Air

   Spells                             Type                      Level
   a - Shock                          Conjuration/Air              1
   b - Swiftness                      Charms/Air                   2
   c - Repel Missiles                 Charms/Air                   2
   d - Flight                         Charms/Air                   3
   e - Static Discharge               Conjuration/Air              3
   f - Lightning Bolt                 Conjuration/Air              5
Comestibles
 c - 2 bread rations
 d - 2 meat rations
 j - a chunk of flesh
 o - a fruit


   Skills:
 - Level 2.1 Dodging
 - Level 2.0 Stealth
 - Level 2.0 Spellcasting
 - Level 1.3 Conjurations
 + Level 6.6 Air Magic


You had 6 spell levels left.
You knew the following spells:

 Your Spells              Type           Power        Failure   Level  Hunger
a - Shock                 Conj/Air       ###.         3%          1    #......


Dungeon Overview and Level Annotations

Branches:
Dungeon (3/15)

Altars:
Fedhas
Makhleb
Xom

Annotations:
D:2 Terence
D:3 myeffort's ghost, average TeAE


Innate Abilities, Weirdness & Mutations

You have a beak for a mouth.
You have claws for feet.


Message History

The crimson imp hits you.
* * * LOW HITPOINT WARNING * * *
You hit the crimson imp but do no damage.
The crimson imp is lightly wounded.
The crimson imp hits you but does no damage.
There is an empty arch of ancient stone here.
There is nothing on the other side of the stone arch.
You hit the crimson imp.
The crimson imp is lightly wounded.
The crimson imp misses you.
You miss the crimson imp. Your kick misses the crimson imp.
You peck the crimson imp.
The crimson imp is moderately wounded.
The crimson imp hits you.
* * * LOW HITPOINT WARNING * * *
You hit the crimson imp but do no damage.
The crimson imp is moderately wounded.
The crimson imp hits you.
You die...
Xom chuckles heartily!

..# #.# #.# ..# #.#
#.# ###### ..# #.#
#.###....# ..# #.#
#.##..##'## ..# #.#
#†##.##...##
#####.###.##.#.≈.≈.#
..##.........#≈≈.≈≈#
..##.........#≈≈5≈≈#
.............#≈#@#≈#
..##.........#######
..##..........
..##..........#
...>..###.#####
..###.# #.# #.# .
#......... .........


You could see a crimson imp.

Vanquished Creatures
  Robin (D:2)
  2 adders (D:2)
  2 giant geckos (D:1)
  4 bats
  9 hobgoblins
  2 jackals (D:2)
  A quokka (D:3)
  2 ball pythons
  4 giant newts
  8 goblins
  4 kobolds (D:1)
  7 rats
  A fungus (D:2)
47 creatures vanquished.

Vanquished Creatures (others)
  A fungus (D:2)
1 creature vanquished.

Grand Total: 48 creatures vanquished

Notes
Turn   | Place    | Note
--------------------------------------------------------------
     0 | D:1      | myeffort, the Tengu Air Elementalist, began the quest for the Orb.
     0 | D:1      | Reached XP level 1. HP: 10/10 MP: 3/3
   284 | D:1      | Reached XP level 2. HP: 10/15 MP: 1/5
   443 | D:1      | Reached skill level 5 in Air Magic
   897 | D:2      | Noticed Terence
   954 | D:2      | Reached XP level 3. HP: 16/19 MP: 0/7
  1197 | D:2      | Reached skill level 6 in Air Magic
  1212 | D:2      | Noticed Robin
  1309 | D:3      | Found a shimmering altar of Xom.
  1327 | D:3      | Became a worshipper of Xom of Chaos
  1343 | D:3      | Noticed myeffort's ghost (average TeAE)
  1402 | D:2      | Killed Robin
  1402 | D:2      | Reached XP level 4. HP: 7/24 MP: 3/8
  1503 | D:2      | Found a blossoming altar of Fedhas.
  1575 | D:2      | Found a burning altar of Makhleb.
  1595 | D:2      | XOM: harmless Hex miscast
  1597 | D:2      | XOM: silly message
  1605 | D:2      | HP: 1/24 [crimson imp (3)]
  1606 | D:2      | Slain by a crimson imp

Action                   |  1- 3 |  4- 6 || total
-------------------------+-------+-------++-------
Melee: Unarmed           |    23 |       ||    23
       Dagger            |    34 |    20 ||    54
 Cast: Shock             |    65 |    17 ||    82
  Use: Potion            |     5 |     1 ||     6
 Stab: Sleeping          |     1 |       ||     1
  Eat: Chunk             |     3 |       ||     3
